 Dungeon Crawl Stone Soup version 0.20-a0-540-ge6d1839 (webtiles) character file.

63 Krakonus1 the Cutter (level 4, -1/31 HPs)
             Began as an Octopode Chaos Knight on Jan 30, 2017.
             Slain by Crazy Yiuf
             ... wielding a +4 quarterstaff of chaos
              (7 damage)
             ... on level 2 of the Dungeon.
             The game lasted 00:08:25 (1285 turns).

Krakonus1 the Cutter (Octopode Chaos Knight)        Turns: 1285, Time: 00:08:26

Health: -1/31      AC:  1    Str: 11    XL:     4   Next: 9%
Magic:  4/4        EV: 13    Int: 14    God:    Xom [......]
Gold:   91         SH:  0    Dex: 12    Spells: 3/3 levels left

rFire    . . .     SeeInvis .   a - +0 short sword (chaos)
rCold    + . .     Gourm    .   (no shield)
rNeg     . . .     Faith    .   (helmet restricted)
rPois    .         Spirit   .   (no amulet)
rElec    .         Reflect  .   c - ring of wizardry
rCorr    .         Harm     .   j - ring of protection from cold
MR       .....                  (no ring)
Stlth    ++........             (no ring)
Regen    0.1/turn               (no ring)
                                (no ring)
                                (no ring)
                                (no ring)

@: confused
A: almost no armour, stealthy swim, amphibious, 8 rings, constrict 8, camouflage
1, wild magic 1, gelatinous body 1
a: Renounce Religion


You were on level 2 of the Dungeon.
You worshipped Xom.
You were a very special plaything of Xom.
You were not hungry.

You visited 1 branch of the dungeon, and saw 2 of its levels.

You collected 91 gold pieces.

Inventory:

Hand Weapons
 a - a +0 short sword of chaos (weapon)
 h - a +1 mace of protection
Jewellery
 c - a ring of wizardry (left tentacle)
 j - a ring of protection from cold (right tentacle)
Scrolls
 e - 3 scrolls of identify {unknown}
 f - 2 scrolls of teleportation
 i - a scroll of remove curse
Comestibles
 b - 3 bread rations
 d - a chunk of flesh
 g - 2 royal jellies
 k - 3 fruits


   Skills:
 + Level 3.4 Fighting
 + Level 4.2 Short Blades
 + Level 2.4 Dodging
 + Level 1.5 Stealth


You had 3 spell levels left.
You didn't know any spells.

Dungeon Overview and Level Annotations

Branches:
Dungeon (2/15)

Altars:

Annotations:
D:2 Crazy Yiuf


Innate Abilities, Weirdness & Mutations

You cannot wear most types of armour.
You are very stealthy in the water. (Stealth+)
You are amphibious.
You can wear up to eight rings at the same time.
You can use your tentacles to constrict eight enemies at once.
Your skin changes colour to match your surroundings (Stealth+).
Your rubbery body absorbs attacks. (AC +1, EV +1)
Your spells are a little harder to cast, but a little more powerful.


Message History

You blink.
You are too confused!
You're too confused!
You are too confused!
Crazy Yiuf is nearby!
Crazy Yiuf barely misses you.
Crazy Yiuf hits you with a quarterstaff of chaos!
* * * LOW HITPOINT WARNING * * *
A shower of butterflies erupts from you!
Crazy Yiuf burns you.
* * * LOW HITPOINT WARNING * * *
Are you sure you want to stumble around while confused and next to your butterfly?
Uppercase [Y]es or [N]o only, please.
Are you sure you want to stumble around while confused and next to your butterfly?
You hit Crazy Yiuf.
Wisps of smoke drift from Crazy Yiuf's hands.
Crazy Yiuf is lightly wounded.
Crazy Yiuf hits you with a quarterstaff of chaos!
You die...
Xom laughs nastily!

##.## #.# #.##
#.# ##.# #.#
#.## #.# ##.#
#.#### ##'##
#....# #..b#
##...# #gb.#
##.#.###### #
#@.)#
#..........
#### #####
#.#........
...###
#.#........
.....####.
####..........
..........
.....#........
.....#....
.....#........
.......###.
..##..........
########..
#######........
...# .. #
...............


You could see Crazy Yiuf.

Vanquished Creatures
  2 adders (D:2)
  2 oozes (D:2)
  2 leopard geckos
  A ball python (D:1)
  3 giant cockroaches (D:1)
  2 goblins (D:2)
  3 hobgoblins
  3 quokkas (D:2)
  6 bats
  3 frilled lizards
  3 kobolds
  4 rats
34 creatures vanquished.

Notes
Turn   | Place    | Note
-------+----------+-------------------------------------------
     0 | D:1      | Krakonus1 the Octopode Chaos Knight began the quest for the Orb.
     0 | D:1      | Reached XP level 1. HP: 16/16 MP: 1/1
   261 | D:1      | Reached XP level 2. HP: 21/21 MP: 2/2
   686 | D:2      | XOM: potion effect (brilliance)
   698 | D:2      | XOM: silly message
   932 | D:2      | Reached skill level 1 in Stealth
   948 | D:2      | Reached XP level 3. HP: 26/26 MP: 3/3
  1012 | D:2      | Gained mutation: Your spells are a little harder to cast, but a little more powerful. [potion of beneficial mutation]
  1045 | D:2      | Reached skill level 4 in Short Blades
  1116 | D:2      | XOM: harmless Conj miscast
  1213 | D:2      | Reached XP level 4. HP: 27/31 MP: 4/4
  1271 | D:2      | Found a runed door.
  1275 | D:2      | Noticed Crazy Yiuf
  1284 | D:2      | XOM: butterfly on damage
  1285 | D:2      | Slain by Crazy Yiuf

Vault maps used:
D:1:      dpeg_arrival_rooms_a, serial_bayou_pond_d, minivault_25,
          bh_walls_and_bars
D:2:      uniq_crazy_yiuf_cottage

Skill      XL: |  1  2  3 |
---------------+----------+-----
Stealth        | 1 |  1.5
Short Blades   | 4 |  4.2
Fighting       | |  3.4
Dodging        | |  2.4

Action                   |  1- 3 |  4- 6 || total
-------------------------+-------+-------++-------
Melee: Short sword       |    69 |     1 ||    70
       Constrict         |    14 |       ||    14
       Tentacles         |     7 |       ||     7
  Use: Scroll            |     3 |       ||     3
       Potion            |     3 |       ||     3
 Stab: Sleeping          |     7 |       ||     7
       Paralysed         |     1 |       ||     1
  Eat: Meat ration       |     1 |       ||     1
Armor: Skin              |     7 |       ||     7
Dodge: Dodged            |    31 |     1 ||    32
